 Dungeon Crawl Stone Soup version 0.23.0 (webtiles) character file.

Game seed: 5440850666948919501

1243 Borgoz the Cutter (level 8, -4/61 HPs)
             Began as a Demonspawn Assassin on Feb 17, 2019.
             Was an Initiate of Kikubaaqudgha.
             Killed by divine providence
             ... invoked by an orc priest
              (16 damage)
             ... on level 6 of the Dungeon.
             The game lasted 00:09:12 (6933 turns).

Borgoz the Cutter (Demonspawn Assassin)             Turns: 6933, Time: 00:09:12

Health: -4/61      AC:  4    Str: 12    XL:     8   Next: 25%
Magic:  0/8        EV: 15    Int: 13    God:    Kikubaaqudgha [......]
Gold:   185        SH:  0    Dex: 16    Spells: 7/7 levels left

rFire    + . .     SeeInvis .   a - +1 dagger (venom)
rCold    . . .     Gourm    .   (no shield)
rNeg     . . .     Faith    .   c - +0 robe
rPois    .         Spirit   +   (helmet restricted)
rElec    .         Reflect  .   d - +0 cloak
rCorr    .         Harm     .   (no gloves)
MR       .....                  p - +0 pair of boots
Stlth    +++.......             (no amulet)
HPRegen  0.20/turn              o - ring of fire
MPRegen  0.11/turn              (no ring)

@: no status effects
A: antennae 2, claws 1, talons 1, cold resistance 1, magic shield, freezing
cloud immunity
a: Renounce Religion


You were on level 6 of the Dungeon.
You worshipped Kikubaaqudgha.
Kikubaaqudgha was noncommittal.
You were not hungry.

You visited 2 branches of the dungeon, and saw 7 of its levels.

You collected 185 gold pieces.

Inventory:

Hand Weapons
 a - a +1 dagger of venom (weapon)
 b - a +0 blowgun
Missiles
 e - 61 poisoned needles
 f - 2 curare-tipped needles
Armour
 c - a +0 robe (worn)
 d - a +0 cloak (worn)
 p - a +0 pair of boots (worn)
Jewellery
 n - an uncursed amulet of rage {unknown}
 o - a ring of fire (left claw)
 v - an uncursed ring of protection from fire {unknown}
Wands
 y - a wand of flame (12)
 B - a wand of digging (3)
Scrolls
 h - 4 scrolls of identify {unknown}
 j - 3 scrolls of enchant armour {unknown}
 k - a scroll of noise {unknown}
 q - 5 scrolls of remove curse {unknown}
 r - a scroll of fear {unknown}
 s - a scroll of blinking {unknown}
 u - a scroll of immolation {unknown}
 w - 3 scrolls of teleportation {unknown}
Potions
 i - a potion of curing
 l - a potion of flight {unknown}
 m - a potion of resistance {unknown}
 t - 4 potions of ambrosia {unknown}
 x - a potion of lignification {unknown}
 z - 2 potions of mutation {unknown}
Comestibles
 g - 10 rations
 A - 2 chunks of flesh


   Skills:
 + Level 4.4 Fighting
 * Level 5.5 Short Blades
 - Level 1.7 Throwing
 * Level 5.1 Dodging
 + Level 5.4 Stealth


You had 7 spell levels left.
You didn't know any spells.
Your spell library contained the following spells:

 Spells                   Type           Power        Failure   Level  Hunger
 Magic Dart               Conj           #...         30%         1    ##.....
 Blink                    Tloc           N/A          43%         2    ###....
 Call Imp                 Summ           #.......     43%         2    ###....
 Slow                     Hex            #.......     43%         2    ###....
 Conjure Flame            Conj/Fire      #.......     67%         3    ####...
 Mephitic Cloud           Conj/Pois/Air  #.......     67%         3    ####...


Dungeon Overview and Level Annotations

Branches:
Dungeon (6/15)             Temple (1/1) D:5

Altars:
Ashenzari
Cheibriados
Dithmenos
Elyvilon
Fedhas
Gozag
Hepliaklqana
Kikubaaqudgha
Makhleb
Nemelex Xobeh
Okawaru
Qazlal
Ru
Sif Muna
Trog
Uskayaw
Wu Jian
Xom
Yredelemnul
Zin
The Shining One


Innate Abilities, Weirdness & Mutations

You have a pair of antennae on your head.
You have sharp fingernails.
You have sharp toenails.
Your flesh is cold resistant. (rC+)
When hurt, damage is shared between your health and your magic reserves.
You are immune to freezing clouds.


Message History

Beogh smites you!
* * * LOW HITPOINT WARNING * * *
You feel better. The sky beast completely misses you.
The orc priest hits you but does no damage.
You feel better.
The sky beast flickers out of sight!
Deactivating autopickup; reactivate with Ctrl-A.
Something hits you. Something shocks you.
* * * LOW HITPOINT WARNING * * *
The orc priest misses you.
You hit the orc priest.
The orc priest looks as sick as possible!
The orc priest is heavily wounded.
Something hits you.
* * * LOW HITPOINT WARNING * * *
Something shocks you.
* * * LOW HITPOINT WARNING * * *
The orc priest calls down the wrath of Beogh upon you.
Beogh smites you!
You die...
Kikubaaqudgha rasps: "You have failed me!
Welcome... death!"

#....
#########..##
#....... # #.#
#####......# .#
# #.###
#{@.......# .# #
#.#..
......o#####...#
# #.#.# #######
##..# # #.#.#
#..# ####.#.##
#..# ........##
#..######
####.###.#######
#........
.....###.......#
#.######. #
####.#.#.#####.#
###.# .#


You could see an orc priest.

Vanquished Creatures
  Sigmund (D:3)
  Menkaure (D:6)
  A phantom (D:4)
  A sky beast (D:5)
  A centaur (D:6)
  A bullfrog (D:6)
  2 scorpions
  A bullfrog skeleton (D:6)
  4 orc priests
  A hound (D:4)
  2 orc wizards
  2 worker ants
  4 gnolls
  6 adders
  An ooze (D:2)
  An adder skeleton (D:5)
  An adder zombie (D:6)
  5 worms
  6 dart slugs
  6 leopard geckos
  15 orcs
  7 bats
  3 giant cockroaches
  8 goblins
  5 hobgoblins
  7 jackals (D:3)
  3 kobolds
  6 quokkas
  2 ball pythons
  7 frilled lizards
  13 rats
124 creatures vanquished.

Vanquished Creatures (others)
  An orc wizard (D:3)
1 creature vanquished.

Grand Total: 125 creatures vanquished

Notes
Turn   | Place    | Note
-------+----------+-------------------------------------------
     0 | D:1      | Borgoz the Demonspawn Assassin began the quest for the Orb.
     0 | D:1      | Reached XP level 1. HP: 16/16 MP: 1/1
     8 | D:1      | Reached skill level 1 in Dodging
    43 | D:1      | You fall through a shaft!
    88 | D:2      | Gained mutation: You have a pair of small antennae on your
                  | head. [demonic ancestry]
    88 | D:2      | Reached XP level 2. HP: 15/22 MP: 2/2
   597 | D:2      | Gained mutation: Your flesh is cold resistant. (rC+)
                  | [demonic ancestry]
   597 | D:2      | Reached XP level 3. HP: 20/27 MP: 3/3
  1426 | D:2      | Gained mutation: When hurt, damage is shared between your
                  | health and your magic reserves. [demonic ancestry]
  1426 | D:2      | Reached XP level 4. HP: 34/34 MP: 4/4
  2520 | D:3      | Gained mutation: You have sharp fingernails. [demonic
                  | ancestry]
  2520 | D:3      | Reached XP level 5. HP: 35/39 MP: 3/5
  3161 | D:3      | Found a sparkling altar of Nemelex Xobeh.
  3269 | D:3      | Gained mutation: You have sharp toenails. [demonic
                  | ancestry]
  3269 | D:3      | Reached XP level 6. HP: 31/47 MP: 2/6
  3468 | D:3      | Noticed Sigmund
  3477 | D:3      | Killed Sigmund
  4295 | D:4      | Gained mutation: You are immune to freezing clouds.
                  | [demonic ancestry]
  4295 | D:4      | Reached XP level 7. HP: 52/52 MP: 7/7
  5121 | D:5      | Entered Level 5 of the Dungeon
  5202 | D:5      | Found a glowing silver altar of Zin.
  5838 | D:5      | Found a staircase to the Ecumenical Temple.
  5849 | D:5      | Reached skill level 5 in Stealth
  5852 | Temple   | Entered the Ecumenical Temple
  6008 | Temple   | Became a worshipper of Kikubaaqudgha
  6208 | D:6      | Noticed Menkaure
  6211 | D:6      | Killed Menkaure
  6211 | D:6      | Reached skill level 5 in Short Blades
  6652 | D:6      | Gained mutation: You have a pair of antennae on your head.
                  | [demonic ancestry]
  6652 | D:6      | Reached XP level 8. HP: 52/60 MP: 6/8
  6682 | D:6      | Reached skill level 5 in Dodging
  6933 | D:6      | Killed from afar by an orc priest

Skill      XL: |  1  2  3  4  5  6  7  8 |
---------------+-------------------------+-----
Dodging        | 1 2 3 4 5 |  5.1
Short Blades   | 2 3 4 5 |  5.5
Stealth        | 4 5 |  5.4
Fighting       | 3 4 |  4.4
Throwing       | |  1.7

Action                   |  1- 3 |  4- 6 |  7- 9 || total
-------------------------+-------+-------+-------++-------
Melee: Dagger            |   100 |   239 |   160 ||   499
  Use: Potion            |       |     3 |     2 ||     5
 Stab: Sleeping          |    12 |     6 |    11 ||    29
       Distracted        |     1 |     1 |       ||     2
  Eat: Chunk             |     2 |     7 |     7 ||    16
       Ration            |       |       |     1 ||     1
Armor: Robe              |    23 |    37 |    21 ||    81
Dodge: Dodged            |    52 |   130 |    77 ||   259
